 Dungeon Crawl Stone Soup version 0.30-a0-879-ga8ba668304 (webtiles) character file.

Game seed: 5723799512675303352

1479168 dolemite99 the Conqueror (level 27, 138/273 HPs)
             Began as a Minotaur Fighter on Mar 12, 2023.
             Was the Champion of Wu Jian.
             Escaped with the Orb
             ... and 3 runes!
             The game lasted 02:28:29 (102651 turns).

dolemite99 the Conqueror (Minotaur Fighter)       Turns: 102651, Time: 02:28:29

Health: 138/273    AC: 47    Str: 30    XL:     27
Magic:  11/23      EV: 12    Int: 12    God:    Wu Jian [******]
Gold:   1592       SH: 31    Dex: 14    Spells: 34/40 levels left

rFire   + + +      SeeInvis .    a - +9 broad axe (flame)
rCold   + . .      Faith    .    X - +0 tower shield
rNeg    + . .      Spirit   +    f - +3 gold dragon scales
rPois   +          Reflect  .    U - +2 hat {Int+3}
rElec   +          Rampage  .    J - +1 cloak "Vifeyry" {rElec}
rCorr   .                        y - +2 pair of gloves {Str+3}
Will    +++..                    v - +5 pair of boots of the Chewing Gods {rN+ MP-9 Stlth+}
Stlth   x                          - brooch of Shielding {Spirit SH+8}
HPRegen 0.65/turn                e - ring of protection from fire
MPRegen 0.18/turn                Z - +4 ring of protection {=R}

@: studying 3 skills, invisible
A: horns 2, retaliatory headbutt, thin skeletal structure 1, clumsy 1, fire
resistance 1, strong-willed 1, passive freeze, poison resistance, screaming 1,
noise suppression
0: Orb of Zot
}: 3/15 runes: barnacled, silver, gossamer
a: Renounce Religion, Wall Jump, Serpent's Lash, Heavenly Storm


You escaped.
You worshipped Wu Jian.
Wu Jian was exalted by your worship.
You visited 10 branches of the dungeon, and saw 50 of its levels.
You visited 1 ziggurat, and saw 8 of its levels.
You also visited: Ossuary and Ice Cave.

You collected 9473 gold pieces.
You spent 7881 gold pieces at shops.

Inventory:

Hand Weapons
 a - a +9 broad axe of flaming (weapon)
 b - a +3 antimagic demon whip
 l - the +2 long sword of Purpose {vamp, rElec rF+ Int+4}
   (You found it on level 1 of the Spider Nest)

   Int:       It affects your intelligence (+4).
   rF:        It protects you from fire.
   rElec:     It insulates you from electricity.
 q - the +3 dagger of Bloodstone {venom, rF+ Will+ Dex+3}
   (You found it in an ice cave)

   Dex:       It affects your dexterity (+3).
   rF:        It protects you from fire.
   Will:      It increases your willpower.
 P - the +6 war axe of Profit {heavy, +Blink Int+2 Stlth+}
   (You bought it in a shop on level 3 of the Shoals)

   Int:       It affects your intelligence (+2).
   +Blink:    It lets you blink.
   Stlth:     It makes you more stealthy.
Missiles
 m - 9 silver javelins
 n - 12 javelins
 M - 7 boomerangs
 T - 4 throwing nets
 Y - 10 silver boomerangs (quivered)
Armour
 f - +3 gold dragon scales (worn)
 v - the +5 pair of boots of the Chewing Gods (worn) {rN+ MP-9 Stlth+}
   (You found it on level 12 of the Dungeon)

   rN:        It protects you from negative energy.
   MP:        It affects your magic capacity (-9).
   Stlth:     It makes you more stealthy.
 y - a +2 pair of gloves of strength (worn)
 J - the +1 cloak "Vifeyry" (worn) {rElec}
   (You found it on level 4 of the Depths)

   rElec:     It insulates you from electricity.
 U - a +2 hat of intelligence (worn)
 X - a +0 tower shield (worn)
Jewellery
 d - a ring of willpower
 e - a ring of protection from fire (left hand)
 x - the brooch of Shielding (around neck) {Spirit SH+8}
   (You took it off a deep elf annihilator on level 3 of the Elven Halls)

   [amulet of guardian spirit]

   It causes incoming damage to be divided between your reserves of health and
   magic.
   SH:        It affects your SH (+8).
 I - the ring of the Good {Wiz rCorr}
   (You found it on level 2 of the Depths)

   [ring of wizardry]

   It improves your spell success rate.
   rCorr:     It protects you from acid and corrosion.
 R - the ring "Sofopesi" {Wiz rPois rCorr Dex-2 SInv}
   (You took it off a deep elf death mage on level 3 of the Elven Halls)

   [ring of wizardry]

   It improves your spell success rate.
   Dex:       It affects your dexterity (-2).
   rPois:     It protects you from poison.
   SInv:      It lets you see invisible.
   rCorr:     It protects you from acid and corrosion.
 Z - a +4 ring of protection (right hand) {=R}
Wands
 p - a wand of digging (8)
 K - a wand of polymorph (5)
 S - a wand of paralysis (6)
 W - a wand of roots (20)
Scrolls
 h - 5 scrolls of fog
 o - 24 scrolls of teleportation
 t - 8 scrolls of vulnerability
 u - 2 scrolls of butterflies
 w - 46 scrolls of identify {@r1}
 B - 4 scrolls of silence
 D - 3 scrolls of magic mapping
 E - 3 scrolls of blinking
 O - 11 scrolls of fear
 Q - 12 scrolls of poison
Potions
 c - 4 potions of berserk rage
 i - a potion of invisibility
 j - 11 potions of brilliance
 k - 23 potions of curing
 r - 5 potions of cancellation
 z - 10 potions of flight
 A - a potion of ambrosia
 F - 6 potions of haste
 L - a potion of heal wounds
 N - 2 potions of might
Miscellaneous
 g - a lightning rod (4/4)
 s - a phantom mirror (inert)
 C - a box of beasts (inert)
 G - a phial of floods (inert)
 H - a tin of tremorstones (2/2)
 V - a condenser vane (inert)


   Skills:
 O Level 27 Fighting
 - Level 16.1(18.0) Axes
 - Level 13.4(16.6) Maces & Flails
 - Level 16.0 Throwing
 - Level 23.1 Armour
 - Level 14.0 Dodging
 - Level 24.1 Shields
 - Level 7.0 Spellcasting
 - Level 10.0 Transmutations
 - Level 7.5 Earth Magic
 + Level 19.7 Evocations


You had 34 spell levels left.
You knew the following spells:

 Your Spells              Type           Power      Damage    Failure   Level
a - Passwall              Tmut/Erth      20%        N/A       7%          2
b - Swiftness             Air            4%         N/A       99%         3
c - Apportation           Tloc           8%         N/A       86%         1

Your spell library contained the following spells:

 Spells                   Type           Power      Damage    Failure   Level
 Sandblast                Erth           44%        2d11      8%          1
 Petrify                  Tmut/Erth      25%        N/A       41%         4
 Blade Hands              Tmut           14%        N/A       58%         5
 Stone Arrow              Conj/Erth      26%        3d8       71%         3
 Foxfire                  Conj/Fire      16%        2x1d4     86%         1
 Kiss of Death            Conj/Necr      16%        2d6       86%         1
 Magic Dart               Conj           16%        1d3       86%         1
 Necrotise                Necr           16%        1d4       86%         1
 Slow                     Hex            16%        N/A       86%         1
 Summon Small Mammal      Summ           16%        N/A       86%         1
 Ice Form                 Ice/Tmut       16%        N/A       91%         4
 Lee's Rapid Deconstruct  Erth           11%        3d8*      91%         5
 Call Imp                 Summ           4%         N/A       94%         2
 Cigotuvi's Dreadful Rot  Necr/Pois/Air  8%         N/A       94%         2
 Ensorcelled Hibernation  Hex/Ice        8%         N/A       94%         2
 Momentum Strike          Conj/Tloc      8%         3d8       94%         2
 Poisonous Vapours        Pois/Air       8%         N/A       94%         2
 Searing Ray              Conj           8%         2d4       94%         2
 Static Discharge         Conj/Air       8%         2-3/arc   94%         2
 Sublimation of Blood     Necr           4%         N/A       94%         2
 Confusing Touch          Hex            4%         N/A       99%         3
 Frozen Ramparts          Ice            8%         1d2       99%         3
 Gell's Gravitas          Tloc           4%         N/A       99%         3
 Hailstorm                Conj/Ice       4%         3d4       99%         3
 Mephitic Cloud           Conj/Pois/Air  4%         N/A       99%         3
 Ozocubu's Armour         Ice            4%         N/A       99%         3
 Teleport Other           Tloc           4%         N/A       99%         3
 Vampiric Draining        Necr           4%         2d6       99%         3
 Alistair's Intoxication  Tmut/Pois      10%        N/A       99%         5
 Irradiate                Conj/Tmut      8%         3d14      99%         5
 Yara's Violent Unravell  Hex/Tmut       8%         3d5       99%         5
 Cause Fear               Hex            2%         N/A       100%        4
 Dispel Undead            Necr           4%         3d7       100%        4
 Flame Wave               Conj/Fire      4%         2d5       100%        4
 Olgreb's Toxic Radiance  Pois           4%         N/A       100%        4
 Passage of Golubria      Tloc           4%         N/A       100%        4
 Summon Ice Beast         Ice/Summ       4%         N/A       100%        4
 Summon Lightning Spire   Summ/Air       4%         N/A       100%        4
 Agony                    Necr           4%         N/A       100%        5
 Arcjolt                  Conj/Air       2%         1d12      100%        5
 Borgnjor's Vile Clutch   Necr/Erth      6%         N/A       100%        5
 Fireball                 Conj/Fire      2%         3d4       100%        5
 Iskenderun's Battlesphe  Conj           4%         2d6       100%        5
 Metabolic Englaciation   Hex/Ice        2%         N/A       100%        5
 Silence                  Hex/Air        2%         N/A       100%        5
 Summon Forest            Summ/Tloc      2%         N/A       100%        5
 Dispersal                Tloc           2%         N/A       100%        6
 Eringya's Noxious Bog    Tmut/Pois      8%         N/A       100%        6
 Iron Shot                Conj/Erth      6%         9d2       100%        6
 Simulacrum               Ice/Necr       2%         N/A       100%        6
 Starburst                Conj/Fire      2%         6d3       100%        6
 Statue Form              Tmut/Erth      16%        N/A       100%        6
 Dragon Form              Tmut           14%        N/A       100%        7
 Enfeeble                 Hex            2%         N/A       100%        7
 Orb of Destruction       Conj           2%         9d5       100%        7
 Ozocubu's Refrigeration  Ice            2%         4d7       100%        7
 Spellforged Servitor     Conj/Summ      2%         N/A       100%        7
 Ignition                 Fire           2%         3d3       100%        8
 Lehudib's Crystal Spear  Conj/Erth      6%         10d3      100%        8
 Death's Door             Necr           2%         N/A       100%        9
 Dragon's Call            Summ           2%         N/A       100%        9
 Fire Storm               Conj/Fire      2%         8d1       100%        9


Dungeon Overview and Level Annotations

Branches:
Dungeon (15/15)            Temple (0/1) D:5            Lair (5/5) D:10
 Shoals (4/4) Lair:3       Spider (4/4) Lair:3        Slime (0/5) Lair:4
    Orc (2/2) D:10            Elf (3/3) Orc:2        Vaults (5/5) D:14
  Crypt (3/3) Vaults:3       Tomb (0/3) Crypt:3      Depths (4/4) D:15
    Zot (5/5) Depths:4    Ossuary (visited)           IceCv (visited)

Altars:
Ashenzari
Cheibriados
Fedhas
Hepliaklqana
Qazlal
Vehumet
Wu Jian
Xom
Zin
Lugonu

Shops:
D:4 !   D:7 :   D:11 !   D:12 [   D:14 ?   Orc:2 :!**   Elf:1 (?   Shoals:3 (
Vaults:2 *?   Depths:2 ==:

Portals:
Hell: Depths:1 Depths:2 Depths:3 Depths:4
Abyss: Lair:5 Depths:3 Depths:4
Pandemonium: Depths:2

Annotations:
D:9 exclusion: statue
Shoals:3 exclusion: downstairs
Elf:2 3 runed translucent doors


Innate Abilities, Weirdness & Mutations

You have a pair of horns on your head.
You reflexively headbutt those who attack you in melee.
You have a somewhat thin skeletal structure. (Dex +2, Stealth+)
You are clumsy. (Dex -2)
Your flesh is heat resistant. (rF+)
You are strong-willed. (Will+)
A frigid envelope surrounds you and freezes all who hurt you.
Your system is resistant to poisons. (rPois)
You occasionally shout uncontrollably at your foes.
You passively dampen the noise of your surroundings.


Message History

There is a stone staircase leading down here.
Your magic seems less tainted.
A Tzitzimitl comes into view.
The Tzitzimitl roars!
The Tzitzimitl calls on the powers of darkness!
Your body is wracked with pain!
You fade into invisibility!
You feel much better.
You feel much better. You block the Tzitzimitl's attack.
The Tzitzimitl bites you but does no damage.
The Tzitzimitl completely resists.
You slice the Tzitzimitl!! You burn the Tzitzimitl.
The Tzitzimitl is moderately wounded.
You hit the Tzitzimitl but do no damage.
You headbutt the Tzitzimitl, but do no damage.
The Tzitzimitl is moderately wounded.
You block the Tzitzimitl's attack. x2
You hit the Tzitzimitl. You burn the Tzitzimitl.
Your headbutt misses the Tzitzimitl.
The Tzitzimitl is moderately wounded.
The Tzitzimitl barely misses you. You block the Tzitzimitl's attack.
You miss the Tzitzimitl. Your headbutt misses the Tzitzimitl.
The Tzitzimitl is moderately wounded.
You slash the Tzitzimitl! You burn the Tzitzimitl!
Your headbutt misses the Tzitzimitl.
The Tzitzimitl is heavily wounded.
You block the Tzitzimitl's attack. x2
You slash the Tzitzimitl! You burn the Tzitzimitl!
The Tzitzimitl is almost dead.
The Tzitzimitl calls on the powers of darkness!
Your body is wracked with pain!
You slice the Tzitzimitl!! You burn the Tzitzimitl.
You kill the Tzitzimitl!
The Council accepts your kill.
There is an open gate here.
There is a large open door here.
There is an open door here.
There is a staircase leading out of the dungeon here.
You have escaped!

#........'..............'..
#........#..........#####..
##........#..........# ###
#.....#####..........# ##
#.....# #..........# #.
#.....# ##########.# #.
#.....# ♣♣♣...## #. #.....#
#### ♣8..#..# #.
###'#.#####@.# ♣♣♣.##.## #.
#.#.....'..#####.#...# #.
#.#######'##...'...#.# #.
#.# #..'.♣.'.###.##### #.#
##.'...'.# #.##... #.#
#######.# #.##... #.#
#♣♣♣..# #..#...
#.#######♣♣#⌠....# ##..###
#.#........####### ##..##


There were no monsters in sight!

Vanquished Creatures
  2 dread liches (Vaults:5)
  3 orbs of fire (Zot:5)
  5 ancient liches
  Boris (Vaults:4)
  A Killer Klown (Zot:5)
  3 curse toes
  14 golden dragons
  Jory (Crypt:2)
  2 electric golems
  3 pandemonium lords
  A Brimstone Fiend (D:6)
  A Tzitzimitl (D:1)
  2 Ice Fiends
  16 tentacled monstrosities
  29 Orb Guardians
  A walking frostbound tome (Depths:4)
  Mlioglotl (Shoals:1)
  3 liches
  3 deep elf master archers
  3 deep elf blademasters
  5 quicksilver dragons
  A kraken (Shoals:2)
  8 death cobs
  Gastronok (Lair:3)
  4 sphinxes
  Kirke (Spider:4)
  Polyphemus (Shoals:3)
  4 ancient champions
  The ghost of holysushi the Imperceptible, an adept KoMo of Dithmenos (Elf:2)
  13 shadow dragons
  5 tengu reavers
  9 revenants
  A demonspawn warmonger (Zig:7)
  12 storm dragons
  9 draconian monks
  19 vault wardens
  13 fire giants
  3 deep elf sorcerers (Elf:3)
  An iron dragon (Vaults:5)
  6 draconian knights
  3 balrugs
  An emperor scorpion (Spider:3)
  6 frost giants
  6 draconian stormcallers
  Aizul (Spider:4)
  8 ghost moths
  4 draconian shifters
  3 curse skulls
  7 draconian scorchers
  2 ghouls (Crypt:3)
  3 reapers
  A cacodemon (Zig:3)
  An angel (D:9)
  11 broodmothers
  A demonspawn blood saint (Zig:3)
  5 draconian annihilators
  An orc warlord (Vaults:3)
  5 deep elf elementalists (Elf:3)
  18 ironbound preservers
  3 ironbound thunderhulks
  A rockslime zombie (Crypt:1)
  18 vampire knights
  2 war gargoyles
  16 very ugly things
  7 green draconians
  15 black draconians
  A demonspawn black sun (Zig:7)
  4 deep elf demonologists
  11 white draconians
  16 stone giants
  8 dire elephants
  A lorocyproca (Zig:5)
  7 deep elf annihilators (Elf:3)
  A minotaur (Shoals:4)
  A green death (Zot:5)
  15 purple draconians
  10 red draconians
  3 eidola (Crypt:2)
  10 yellow draconians
  12 ettins
  11 deep elf death magi
  6 merfolk impalers
  28 jiangshi
  2 entropy weavers
  9 fire dragons
  A blizzard demon (Zig:7)
  Josephine (Orc:2)
  5 merfolk javelineers
  The ghost of kenny the Eclecticist, a journeyman DECj of Vehumet (D:12)
  5 great orbs of eyes
  4 deep elf high priests
  14 yaktaur captains
  7 ice dragons
  A fenstrider witch zombie (Crypt:3)
  2 rakshasas (Depths:2)
  An ogre mage (D:14)
  Fannar (Lair:1)
  A quicksilver dragon skeleton (Crypt:2)
  34 vault guards
  6 jorogumos
  2 hell beasts
  4 spriggan air magi
  A peacekeeper (Vaults:4)
  3 ironbound frosthearts
  3 hydras
  2 death knights (Crypt:1)
  A catoblepas (Shoals:3)
  23 centaur warriors
  6 merfolk avatars
  A catoblepas (shapeshifter) (Lair:5)
  3 alligators (Shoals:2)
  10 death yaks
  17 boulder beetles
  5 deep troll earth magi
  3 merfolk aquamancers
  7 two-headed ogres
  5 alligator snapping turtles
  8 satyrs (Shoals:4)
  4 tengu warriors
  3 deep troll shamans
  13 vampire magi
  5 thrashing horrors
  16 dancing weapons
  5 spriggan berserkers
  5 orc high priests
  A titan zombie (Crypt:3)
  A hell knight (Vaults:3)
  2 sun demons (Depths:2)
  13 deep elf knights
  10 skysharks
  3 storm dragon zombies (Crypt:3)
  2 soul eaters
  Nergalle (Lair:1)
  11 iron trolls
  5 golden dragon zombies (Crypt:3)
  A shadow wraith (Vaults:5)
  20 skeletal warriors
  2 sixfirhies (Depths:2)
  2 goliath frogs (Shoals:2)
  7 pharaoh ants
  An iron giant zombie (Crypt:2)
  An orb spider (shapeshifter) (Lair:5)
  7 sea snakes
  3 sun moths
  7 orb spiders
  3 glowing orange brains
  5 flayed ghosts
  58 deep trolls
  A death drake (shapeshifter) (D:15)
  A bog body (Crypt:3)
  3 obsidian statues (Zig:4)
  12 deep elf archers
  9 steelbarb worms
  An orange crystal statue (Zig:4)
  12 orc knights
  28 harpies
  20 ironbound convokers
  15 phantasmal warriors
  Pikel (D:8)
  7 wizards
  27 deep elf pyromancers
  6 lindwurms
  A golden dragon skeleton (Crypt:3)
  48 ugly things
  5 necromancers
  27 deep elf zephyrmancers
  6 cyclopes
  6 orc sorcerers
  19 manticores
  A fire giant zombie (Vaults:1)
  A manticore (shapeshifter) (D:15)
  A frost giant zombie (Crypt:2)
  29 wolf spiders
  13 fauns
  31 moths of wrath
  A naga zombie (Crypt:3)
  2 black mambas
  An eye of devastation (shapeshifter) (Depths:4)
  An ice statue (IceCv)
  Joseph (D:9)
  12 demonic crawlers
  15 elephants
  2 eyes of devastation (Depths:2)
  2 water nymphs (Shoals:4)
  A stone giant skeleton (Vaults:1)
  A guardian serpent (shapeshifter) (Depths:4)
  5 merfolk sirens
  12 vault sentinels
  A water nymph (shapeshifter) (Depths:4)
  3 gargoyles
  A titan simulacrum (Crypt:2)
  An elf skeleton (Vaults:1)
  7 torpor snails
  A rime drake (Lair:5)
  3 dire elephant skeletons
  A green draconian zombie (Crypt:2)
  7 cane toads
  Maggie (D:8)
  A kobold demonologist (D:14)
  6 freezing wraiths
  A grey draconian zombie (Crypt:2)
  44 yaktaurs
  2 anaconda simulacra (IceCv)
  A hellion (Depths:2)
  9 komodo dragons
  4 tengu conjurers
  A tormentor (Depths:3)
  24 merfolk
  8 trolls
  6 wind drakes
  3 polar bears
  3 hellwings
  A purple draconian skeleton (Crypt:1)
  2 ancient zymes
  4 meliai (D:15)
  A mana viper skeleton (Crypt:1)
  Grinder (D:5)
  17 blink frogs
  28 tarantellas
  A satyr zombie (Crypt:3)
  11 snapping turtles
  A guardian serpent zombie (Crypt:2)
  3 dream sheep (Shoals:2)
  An ettin zombie (Crypt:3)
  A satyr skeleton (Crypt:3)
  A frost giant simulacrum (Vaults:1)
  40 jumping spiders
  Sigmund (D:3)
  A centaur simulacrum (D:15)
  28 culicivoras
  A dire elephant simulacrum (IceCv)
  2 hogs (Spider:4)
  An ice dragon skeleton (Crypt:1)
  40 slime creatures
  An air elemental (Elf:1)
  4 ynoxinuls
  A spriggan (shapeshifter) (Lair:5)
  A spriggan (Lair:5)
  10 wraiths
  21 vampires
  48 yaks
  7 basilisks
  11 water elementals
  5 wyverns
  A fire elemental (Elf:3)
  A human (D:14)
  10 vampire mosquitoes
  2 chaos spawn
  A steam dragon (D:9)
  44 redbacks
  5 wargs
  A death yak simulacrum (IceCv)
  Edmund (D:5)
  An entropy weaver zombie (Crypt:2)
  14 water moccasins
  A hydra simulacrum (IceCv)
  Duvessa (D:5)
  A floating eye (Depths:2)
  6 large abominations
  5 ice beasts
  25 orc warriors
  5 black bears
  A sky beast (D:7)
  8 ogres
  3 boggarts (D:15)
  7 centaurs
  A snapping turtle skeleton (Crypt:3)
  29 wolves
  A hog zombie (Crypt:3)
  4 phantoms
  3 lemures (D:8)
  A kobold brigand (D:9)
  10 bullfrogs
  14 small abominations
  A gnoll sergeant (D:7)
  A komodo dragon skeleton (Crypt:2)
  A salamander skeleton (Crypt:1)
  4 scorpions
  5 two-headed ogre simulacra (IceCv)
  A scorpion (shapeshifter) (Vaults:5)
  2 cane toad simulacra (IceCv)
  2 earth elementals
  2 cyclops skeletons
  8 wights
  Dowan (D:5)
  4 elephant simulacra (IceCv)
  8 killer bees
  10 howler monkeys
  3 electric eels
  4 crimson imps (D:6)
  3 centaur zombies
  2 human zombies
  20 orc priests
  Crazy Yiuf (D:2)
  2 hounds
  7 jellies
  A gnoll bouda (D:7)
  3 starcursed masses (Zig:5)
  A basilisk skeleton (Crypt:3)
  2 iguanas
  Ijyb (D:5)
  19 orc wizards
  3 spriggan simulacra (IceCv)
  9 troll simulacra (IceCv)
  A boggart skeleton (Crypt:2)
  2 wolf simulacra (IceCv)
  An acid dragon zombie (Crypt:3)
  2 deep dwarf skeletons
  A mummy (Ossuary)
  Robin (D:3)
  8 gnolls
  9 adders
  A swamp drake zombie (Crypt:1)
  5 naga simulacra (IceCv)
  A steam dragon zombie (Crypt:3)
  2 shadow imps
  10 white imps
  8 ufetubi
  2 adder zombies
  2 worms
  A dart slug (D:3)
  70 orcs
  6 ball pythons
  6 bats
  11 endoplasms
  7 giant cockroaches
  16 goblins
  5 hobgoblins
  7 jackals
  5 quokkas
  3 frilled lizards (D:3)
  3 goblin zombies (Ossuary)
  12 hobgoblin zombies (Ossuary)
  2 jackal zombies (Ossuary)
  6 kobolds
  10 kobold zombies (Ossuary)
  5 orc zombies (Ossuary)
  7 rats
  A rat skeleton (Crypt:2)
  A rat zombie (Ossuary)
  5 tentacles
2327 creatures vanquished.

Vanquished Creatures (collateral kills)
  A dread lich (Zot:5)
  An ancient lich (Zot:5)
  A Killer Klown (Zot:5)
  An electric golem (Zot:5)
  A quicksilver dragon (Depths:4)
  A revenant (Vaults:3)
  A tengu reaver (Vaults:4)
  A cacodemon (Zig:7)
  A deep elf annihilator (Elf:3)
  A red draconian (Zot:5)
  A white draconian (Zot:4)
  A vampire knight (Depths:4)
  A merfolk javelineer (Shoals:1)
  A deep elf death mage (Elf:3)
  An entropy weaver (Spider:3)
  A merfolk impaler (Shoals:2)
  2 great orbs of eyes
  A vault guard (Vaults:1)
  An ice dragon (Depths:1)
  A hydra (D:15)
  2 deep troll shamans
  A tengu warrior (Depths:1)
  A deep troll earth mage (Depths:2)
  3 sea snakes
  2 deep trolls
  An orange crystal statue (Shoals:1)
  A deep elf zephyrmancer (Elf:1)
  An ugly thing (Vaults:4)
  2 manticores
  A deep elf pyromancer (Elf:1)
  2 merfolk sirens
  An apocalypse crab (Shoals:2)
  A smoke demon (Zig:7)
  A freezing wraith (Vaults:3)
  4 merfolk
  A tarantella (Spider:4)
  A culicivora (Spider:3)
  A redback (Spider:3)
  A warg (Orc:2)
  2 orc warriors (Orc:2)
  2 orc priests (Orc:2)
  An orc wizard (Orc:2)
  6 orcs
  A kobold (D:9)
61 creatures vanquished.

Vanquished Creatures (others)
  A draconian knight (Zot:4)
  A deep elf knight (Elf:3)
  A wizard (Vaults:2)
  A steelbarb worm (Spider:4)
  A culicivora (Spider:4)
  5 humans (Spider:4)
  An orc (Orc:2)
  A kobold (D:9)
  20 fungi
  68 plants
  12 tentacles
  19 withered plants (Crypt:3)
131 creatures vanquished.

Grand Total: 2519 creatures vanquished

Notes
Turn   | Place    | Note
-------+----------+-------------------------------------------
     0 | D:1      | dolemite99 the Minotaur Fighter began the quest for the
                  | Orb.
     0 | D:1      | Reached XP level 1. HP: 19/19 MP: 0/0
   688 | D:1      | Reached XP level 2. HP: 26/26 MP: 1/1
  1045 | D:2      | Found a faded altar of an unknown god.
  1054 | D:2      | Reached XP level 3. HP: 20/31 MP: 2/2
  1265 | D:2      | Prayed at the altar of an unknown god.
  1265 | D:2      | Became a worshipper of the Wu Jian Council
  1265 | D:2      | Reached * piety under Wu Jian
  1307 | D:2      | Reached skill level 5 in Axes
  1409 | D:2      | Reached XP level 4. HP: 39/39 MP: 3/3
  1785 | D:2      | Found a runed translucent door.
  1786 | D:2      | Noticed Crazy Yiuf
  1792 | D:2      | Killed Crazy Yiuf
  1963 | D:3      | Reached XP level 5. HP: 26/45 MP: 4/4
  1964 | D:3      | Reached ** piety under Wu Jian
  2074 | D:3      | Noticed Sigmund
  2111 | D:3      | Gained mutation: You occasionally lose the ability to drink
                  | potions when taking damage. [potion of mutation]
  2111 | D:3      | Gained mutation: You have a pair of large horns on your
                  | head. [potion of mutation]
  2111 | D:3      | Gained mutation: You are robust. (+10% HP) [potion of
                  | mutation]
  2115 | D:3      | Killed Sigmund
  2116 | D:3      | Reached XP level 6. HP: 5/56 MP: 5/5
  2370 | D:3      | Noticed Robin
  2428 | D:3      | Killed Robin
  2822 | D:3      | Reached *** piety under Wu Jian
  3005 | D:4      | Found Mysi Pumn's Distillery.
  3022 | D:4      | Bought a potion of curing for 33 gold pieces
  3022 | D:4      | Bought a potion of heal wounds for 55 gold pieces
  3022 | D:4      | Bought a potion of curing for 33 gold pieces
  3057 | D:4      | Found a sand-covered staircase.
  3088 | Ossuary  | Entered an ossuary
  3235 | Ossuary  | Reached **** piety under Wu Jian
  3654 | D:4      | Reached XP level 7. HP: 58/62 MP: 6/6
  3659 | D:5      | Entered Level 5 of the Dungeon
  3697 | D:5      | Noticed Edmund
  3702 | D:5      | Killed Edmund
  3708 | D:5      | Found a staircase to the Ecumenical Temple.
  3711 | D:5      | Reached skill level 10 in Axes
  4532 | D:4      | Found a broken altar of Ashenzari.
  4690 | D:5      | Reached XP level 8. HP: 60/70 MP: 7/7
  4940 | D:5      | Noticed Duvessa
  4943 | D:5      | Noticed Dowan
  4946 | D:5      | Killed Duvessa
  4948 | D:5      | Killed Dowan
  4948 | D:5      | Noticed Grinder
  4956 | D:5      | Killed Grinder
  5171 | D:5      | Found a snail-covered altar of Cheibriados.
  5260 | D:5      | Noticed Ijyb
  5266 | D:5      | Killed Ijyb
  5836 | D:6      | Reached XP level 9. HP: 73/77 MP: 8/8
  5879 | D:6      | Reached ***** piety under Wu Jian
  6066 | D:6      | Found a shimmering altar of Xom.
  6115 | D:6      | Reached skill level 15 in Axes
  6333 | D:7      | Reached skill level 4 in Fighting
  6347 | D:7      | Reached skill level 5 in Fighting
  6594 | D:7      | Reached skill level 6 in Fighting
  6701 | D:7      | Reached skill level 7 in Fighting
  7250 | D:7      | Found Xicoh's Vocational Training.
  7326 | D:7      | Reached skill level 8 in Fighting
  7461 | D:7      | Reached XP level 10. HP: 93/96 MP: 9/9
  7750 | D:8      | Reached skill level 9 in Fighting
  7839 | D:8      | Reached skill level 1 in Maces & Flails
  8083 | D:8      | Found a hazy altar of Hepliaklqana.
  8123 | D:8      | Identified the +1 robe of the Solstice {Regen+ Str-3
                  | Stlth+}
  8184 | D:8      | Noticed Pikel
  8209 | D:8      | Killed Pikel
  8210 | D:8      | Reached skill level 5 in Maces & Flails
  8438 | D:8      | Noticed Maggie
  8449 | D:8      | Killed Maggie
  9206 | D:9      | Noticed Joseph
  9218 | D:9      | Killed Joseph
  9430 | D:9      | Reached ****** piety under Wu Jian
  9706 | D:9      | Found a radiant altar of Vehumet.
  9798 | D:9      | Found a flagged portal.
  9869 | D:9      | Found a glowing silver altar of Zin.
  9869 | D:9      | Found a blossoming altar of Fedhas.
 10213 | D:10     | Entered Level 10 of the Dungeon
 10216 | D:10     | Identified the +5 rapier "Goblinbane" {freeze, rN++ Int-2}
 10410 | D:10     | Noticed a two-headed ogre
 10413 | D:10     | Noticed a two-headed ogre
 10422 | D:9      | Reached XP level 11. HP: 77/106 MP: 10/10
 10653 | D:10     | Reached skill level 10 in Maces & Flails
 11197 | D:10     | Killed a two-headed ogre
 11425 | D:10     | Killed a two-headed ogre
 11751 | D:10     | Noticed a two-headed ogre
 11759 | D:10     | Killed a two-headed ogre
 12137 | D:10     | Found a staircase to the Orcish Mines.
 12504 | D:10     | Found a staircase to the Lair.
 12766 | D:4      | Bought a potion of berserk rage for 55 gold pieces
 12766 | D:4      | Bought a potion of heal wounds for 55 gold pieces
 12766 | D:4      | Bought 2 potions of heal wounds for 110 gold pieces
 12876 | Lair:1   | Entered Level 1 of the Lair of Beasts
 13483 | Lair:1   | Reached skill level 5 in Armour
 13855 | Lair:1   | Noticed Fannar
 13870 | Lair:1   | Killed Fannar
 14302 | Lair:1   | Noticed Nergalle
 14307 | Lair:1   | Killed Nergalle
 14308 | Lair:1   | Reached XP level 12. HP: 113/115 MP: 11/11
 14877 | Lair:1   | Reached skill level 10 in Armour
 15084 | Lair:2   | Noticed a death yak
 15089 | Lair:1   | Killed a death yak
 15185 | Lair:2   | You fall into a shaft and drop 1 floor!
 15589 | Lair:3   | Noticed Gastronok
 15601 | Lair:3   | Killed Gastronok
 15852 | Lair:3   | Found a hole to the Spider Nest.
 17247 | Lair:3   | Noticed a boulder beetle
 17262 | Lair:3   | Killed a boulder beetle
 17292 | Lair:3   | Found a staircase to the Shoals.
 18080 | Lair:4   | Reached skill level 15 in Armour
 18085 | Lair:4   | Reached XP level 13. HP: 118/122 MP: 12/12
 18103 | Lair:4   | Found a staircase to the Slime Pits.
 18861 | Lair:5   | Entered Level 5 of the Lair of Beasts
 19042 | Lair:5   | Reached skill level 10 in Fighting
 19306 | Lair:5   | Reached skill level 11 in Fighting
 19529 | Lair:5   | Reached skill level 1 in Evocations
 19873 | Lair:5   | Got Lehudib's Excursus on Volcanic Hurting
 19916 | Lair:5   | Reached skill level 5 in Evocations
 20728 | Lair:5   | Reached XP level 14. HP: 98/136 MP: 13/13
 21340 | Lair:5   | Found a corrupted altar of Lugonu.
 21340 | Lair:5   | Found a one-way gate to the infinite horrors of the Abyss.
 21843 | D:11     | Found a stormy altar of Qazlal.
 21914 | D:11     | Found Uliyriw's Distillery.
 21931 | D:11     | Bought a potion of haste for 130 gold pieces
 21931 | D:11     | Bought 2 potions of haste for 260 gold pieces
 21931 | D:11     | Bought a potion of curing for 39 gold pieces
 21931 | D:11     | Bought a potion of curing for 39 gold pieces
 21931 | D:11     | Bought a potion of curing for 39 gold pieces
 21931 | D:11     | Bought a potion of might for 52 gold pieces
 21931 | D:11     | Bought a potion of lignification for 39 gold pieces
 21931 | D:11     | Bought 2 potions of attraction for 78 gold pieces
 21931 | D:11     | Bought a potion of mutation for 104 gold pieces
 21933 | D:11     | Lost mutation: You occasionally lose the ability to drink
                  | potions when taking damage. [potion of mutation]
 21933 | D:11     | Lost mutation: You are robust. (+10% HP) [potion of
                  | mutation]
 21933 | D:11     | Gained mutation: A frigid envelope surrounds you and
                  | freezes all who hurt you. [potion of mutation]
 21933 | D:11     | Gained mutation: You are strong-willed. (Will+) [potion of
                  | mutation]
 21933 | D:11     | Gained mutation: Your body sometimes deteriorates upon
                  | taking damage. [potion of mutation]
 21933 | D:11     | Gained mutation: Your system is resistant to poisons.
                  | (rPois) [potion of mutation]
 22441 | Orc:1    | Entered Level 1 of the Orcish Mines
 23355 | Orc:1    | Reached skill level 10 in Evocations
 23502 | Orc:2    | Entered Level 2 of the Orcish Mines
 23786 | Orc:2    | Noticed Josephine
 23883 | Orc:2    | Found a staircase to the Elven Halls.
 23904 | Orc:2    | Killed Josephine
 24316 | Orc:2    | Reached skill level 12 in Fighting
 24329 | Orc:2    | Found Azyic's Assorted Antiques.
 24696 | Orc:2    | Reached skill level 13 in Fighting
 24715 | Orc:2    | Found Neg Qiel's General Store.
 24723 | Orc:2    | Found Voufuof's Distillery.
 24725 | Orc:2    | Found Larriap's Book Shop.
 24747 | Orc:2    | Bought the +3 pair of mountain boots {steadfast, rC+} for
                  | 603 gold pieces
 24747 | Orc:2    | Found the +3 pair of mountain boots {steadfast, rC+}
 24758 | Orc:2    | Bought a scroll of teleportation for 54 gold pieces
 24758 | Orc:2    | Bought a scroll of fog for 72 gold pieces
 24758 | Orc:2    | Bought a scroll labelled LAUTROMUNK for 18 gold pieces
 24860 | Orc:2    | Bought a glowing iron ring for 90 gold pieces
 24874 | Orc:2    | Bought a potion of heal wounds for 90 gold pieces
 25296 | D:12     | Found a runed translucent gate.
 25296 | D:12     | Found a runed translucent gate.
 25296 | D:12     | Found a runed translucent gate.
 25301 | D:12     | Noticed kenny's ghost (journeyman DECj)
 25302 | D:12     | Identified the +6 plate armour "Ujaf Xal" {rPois Int+3
                  | Dex+4}
 25486 | D:12     | Found a frozen archway.
 25518 | IceCv    | Entered an ice cave
 26757 | IceCv    | Noticed a reaper
 26778 | IceCv    | Killed a reaper
 27241 | IceCv    | Identified the +3 dagger of Bloodstone {venom, rF+ Will+
                  | Dex+3}
 27320 | D:12     | Found Nerayc's Antique Armour Shoppe.
 27329 | D:12     | Reached skill level 14 in Fighting
 27440 | D:12     | Bought a runed kite shield for 247 gold pieces
 27538 | D:12     | Reached XP level 15. HP: 135/138 MP: 14/14
 27639 | D:12     | Reached skill level 5 in Shields
 27898 | D:12     | Identified the +0 plate armour of Kayxzut {rN+}
 28870 | D:13     | Identified the +1 rapier "Beut" {flame, rPois rC+ rN+
                  | rCorr}
 29082 | D:14     | Found Det Pirph's Magic Scroll Boutique.
 29131 | D:14     | Bought a scroll of fear for 64 gold pieces
 29131 | D:14     | Bought a scroll of enchant weapon for 120 gold pieces
 29131 | D:14     | Bought a scroll of identify for 32 gold pieces
 29131 | D:14     | Bought a scroll of identify for 32 gold pieces
 29131 | D:14     | Bought a scroll of identify for 32 gold pieces
 29539 | D:14     | Reached skill level 10 in Shields
 29646 | D:14     | Identified a scroll of acquirement
 29646 | D:14     | Acquired an amulet of regeneration
 30141 | D:14     | Found a gate to the Vaults.
 30453 | D:15     | Entered Level 15 of the Dungeon
 30732 | D:15     | Found a staircase to the Depths.
 30732 | D:15     | Noticed a fire giant
 30752 | D:15     | Killed a fire giant
 31030 | D:15     | Found a gate leading to a gauntlet.
 32142 | D:14     | Bought a scroll of teleportation for 48 gold pieces
 32142 | D:14     | Bought a scroll of silence for 152 gold pieces
 32413 | Orc:2    | Bought a potion of curing for 54 gold pieces
 32676 | Spider:1 | Entered Level 1 of the Spider Nest
 32958 | Spider:1 | Reached XP level 16. HP: 88/146 MP: 15/15
 33154 | Spider:1 | Reached skill level 15 in Shields
 33388 | Spider:1 | Identified the +2 long sword of Purpose {vamp, rElec rF+
                  | Int+4}
 34245 | Spider:1 | Paralysed by a jorogumo for 1 turns
 34453 | Spider:2 | Reached skill level 1 in Throwing
 34966 | Spider:2 | Reached skill level 5 in Throwing
 37044 | Spider:4 | Entered Level 4 of the Spider Nest
 37062 | Spider:3 | Reached XP level 17. HP: 149/154 MP: 16/16
 37388 | Spider:3 | Identified the +2 scale mail "Aluimiv" {Will+ Dex+2}
 37399 | Spider:3 | Identified the +0 robe of Luni {rPois rF+}
 37576 | Spider:3 | Reached skill level 10 in Throwing
 37889 | Spider:4 | Noticed Kirke
 37896 | Spider:4 | Noticed Aizul
 37941 | Spider:4 | Killed Kirke
 38164 | Spider:4 | Reached skill level 15 in Fighting
 38358 | Spider:4 | Killed Aizul
 38401 | Spider:4 | Reached skill level 16 in Fighting
 38731 | Spider:4 | Acquired a manual of Dodging
 38806 | Spider:4 | Reached skill level 1 in Dodging
 38887 | Spider:4 | Reached skill level 5 in Dodging
 39253 | Spider:4 | Got a gossamer rune of Zot
 39609 | Shoals:1 | Entered Level 1 of the Shoals
 39882 | Orc:2    | Bought a potion of invisibility for 144 gold pieces
 39882 | Orc:2    | Bought a potion of curing for 54 gold pieces
 39882 | Orc:2    | Bought a potion of curing for 54 gold pieces
 40582 | Shoals:1 | Found a transporter.
 40646 | Shoals:1 | Found a transporter.
 40724 | Shoals:1 | Got Yqiecax's Directory of Frostbite and the Wind
 40729 | Shoals:1 | Learned a level 2 spell: Passwall
 40733 | Shoals:1 | Learned a level 3 spell: Swiftness
 40819 | Shoals:1 | Noticed Mlioglotl
 40831 | Shoals:1 | Killed Mlioglotl
 41075 | Shoals:2 | Reached skill level 10 in Dodging
 41223 | Shoals:2 | Identified the +1 leather armour of Uxyge {Rampage Dex+3}
 41510 | Shoals:2 | Reached XP level 18. HP: 167/167 MP: 17/17
 42351 | Shoals:3 | Found Qedghabau's Weapon Boutique.
 42725 | Shoals:4 | Entered Level 4 of the Shoals
 42725 | Shoals:4 | Noticed Polyphemus
 42910 | Shoals:3 | Reached skill level 17 in Fighting
 43394 | Shoals:3 | Killed Polyphemus
 44399 | Elf:1    | Entered Level 1 of the Elven Halls
 44500 | Elf:1    | Reached skill level 18 in Fighting
 44529 | Elf:1    | Noticed a Brimstone Fiend
 44584 | Elf:1    | Paralysed by an air elemental for 1 turns
 44716 | Elf:1    | Found a magical portal.
 44809 | Elf:1    | Found a crumbling gateway.
 45116 | Elf:1    | Found Runlit's Magic Scroll Shop.
 45121 | Elf:1    | Found Hol Syce's Weapon Boutique.
 45128 | Elf:1    | Bought a scroll of enchant weapon for 97 gold pieces
 45131 | Elf:1    | Bought a scroll of blinking for 97 gold pieces
 45794 | Vaults:1 | Entered Level 1 of the Vaults
 46244 | Vaults:1 | Reached skill level 19 in Fighting
 46341 | Vaults:1 | Reached XP level 19. HP: 183/183 MP: 18/18
 46749 | Vaults:1 | Reached skill level 20 in Fighting
 46866 | Vaults:1 | Identified the +1 chain mail of the Bellicose God {Contam
                  | rPois Int+4}
 48093 | Vaults:2 | Found Tyloeti's General Store.
 48101 | Vaults:2 | Bought a potion of curing for 51 gold pieces
 48101 | Vaults:2 | Bought a potion of haste for 170 gold pieces
 48532 | Vaults:2 | Found Simu's Magic Scroll Emporium.
 48538 | Vaults:2 | Bought a scroll of fear for 76 gold pieces
 48538 | Vaults:2 | Bought a scroll of poison for 76 gold pieces
 48967 | Vaults:3 | Found the +7 Spriggan's Knife {stab, EV+4 Stlth+}
 49335 | Vaults:3 | Found a staircase to the Crypt.
 49615 | Vaults:3 | Reached XP level 20. HP: 193/193 MP: 19/19
 51393 | Vaults:4 | Noticed Boris
 51421 | Vaults:4 | Killed Boris
 52074 | Vaults:4 | Found Iloucwi's Book Shop.
 52414 | Depths:1 | Entered Level 1 of the Depths
 52541 | Depths:1 | Found a blossoming altar of Fedhas.
 53363 | Depths:1 | Found a gateway to Hell.
 53750 | Depths:2 | Noticed a golden dragon
 53760 | Depths:2 | Killed a golden dragon
 54737 | Depths:2 | Found a one-way gate leading to the halls of Pandemonium.
 54771 | Depths:2 | Found a one-way gateway to a ziggurat.
 54816 | Depths:2 | Reached XP level 21. HP: 187/202 MP: 20/20
 55488 | Vaults:2 | Reached skill level 21 in Fighting
 56603 | Depths:2 | Identified the ring of the Good {Wiz rCorr}
 56606 | Depths:2 | Got the Omnibus of Sizzling Glamour
 56791 | Depths:3 | Noticed a golden dragon
 56812 | Depths:3 | Killed a golden dragon
 56813 | Depths:3 | Reached skill level 22 in Fighting
 57325 | Depths:3 | Found a corrupted altar of Lugonu.
 57361 | Depths:2 | Paralysed by a floating eye for 4 turns
 57631 | D:7      | Bought a manual of Evocations for 960 gold pieces
 57862 | Orc:2    | Bought a condenser vane for 720 gold pieces
 57947 | Elf:2    | Noticed holysushi's ghost (adept KoMo)
 57951 | Elf:2    | Found a runed translucent door.
 57988 | Elf:2    | Killed holysushi's ghost
 58326 | Elf:2    | Found a runed translucent gate.
 58326 | Elf:2    | Found a runed translucent gate.
 58326 | Elf:2    | Found a runed translucent gate.
 59147 | Shoals:4 | Identified the +5 great sword of Zin, Disbelieving {flame,
                  | Dex+3}
 59351 | Shoals:4 | Got a barnacled rune of Zot
 59410 | Shoals:4 | Identified the +1 robe of Uskayaw's Fury {Str+5}
 59508 | Shoals:4 | Identified the +8 falchion "Toesem" {freeze, rPois rF+
                  | rC+++ Str-4}
 60059 | Depths:2 | Paralysed by a floating eye for 3 turns
 60682 | Depths:3 | Reached skill level 15 in Evocations
 60782 | Depths:4 | Entered Level 4 of the Depths
 61024 | Depths:4 | Reached skill level 23 in Fighting
 61032 | Depths:4 | Reached XP level 22. HP: 190/220 MP: 21/21
 61095 | Depths:4 | Noticed a golden dragon
 61106 | Depths:4 | Killed a golden dragon
 62171 | Depths:4 | Noticed a golden dragon
 62179 | Depths:4 | Killed a golden dragon
 62769 | Depths:4 | Reached skill level 24 in Fighting
 62909 | Depths:4 | Found a gate to the Realm of Zot.
 63373 | Depths:4 | Identified the +1 cloak "Vifeyry" {rElec}
 63927 | Elf:3    | Entered Level 3 of the Elven Halls
 64112 | Elf:3    | Identified the +1 leather armour of Trial and Error {Will-
                  | Str+4}
 64283 | Elf:3    | Identified the +1 flail of Disintegration {drain, MP+9
                  | Int+2 Dex+3}
 64996 | Elf:3    | Identified the +8 dagger "Aggemm" {flame, rF+ rC+ Dex+2}
 65093 | Elf:3    | Reached skill level 25 in Fighting
 65141 | Elf:3    | Identified the +11 hand axe of Rumukk {antimagic, rCorr
                  | Str+3}
 65443 | Elf:3    | Identified the +2 plate armour of Lugonu's Delight {rC+}
 65453 | Elf:3    | Identified the +6 spear "Xiffarre" {freeze, rC+}
 65453 | Elf:3    | Identified the ring "Sofopesi" {Wiz rPois rCorr Dex-2 SInv}
 65514 | Elf:3    | Identified the +2 shortbow of Noimen {drain, rPois}
 65514 | Elf:3    | Identified the amulet "Povuopar" {Acrobat rC+ Str+3 Int-4
                  | Dex+2}
 65600 | Elf:3    | Identified the ring "Luut Toj" {Wiz rPois Str+3}
 66527 | Elf:3    | Got the Quarto of Summoned Zombies
 67432 | Elf:1    | Bought a scroll of fear for 52 gold pieces
 67432 | Elf:1    | Bought a scroll of fog for 52 gold pieces
 67432 | Elf:1    | Bought a scroll of fog for 52 gold pieces
 67432 | Elf:1    | Bought a scroll of vulnerability for 52 gold pieces
 67494 | Orc:2    | Bought a potion of cancellation for 144 gold pieces
 67840 | Vaults:2 | Bought a scroll of enchant armour for 142 gold pieces
 67840 | Vaults:2 | Bought a scroll of enchant armour for 142 gold pieces
 67932 | Vaults:2 | Bought a wand of roots (6) for 244 gold pieces
 68228 | D:12     | Killed kenny's ghost
 68229 | D:12     | Reached skill level 26 in Fighting
 68315 | D:12     | Identified the +5 pair of boots of the Chewing Gods {rN+
                  | MP-9 Stlth+}
 68571 | Vaults:5 | Entered Level 5 of the Vaults
 68589 | Vaults:5 | Noticed an ancient lich
 68601 | Vaults:5 | Noticed a golden dragon
 68632 | Vaults:5 | Killed an ancient lich
 68634 | Vaults:5 | Killed a golden dragon
 68792 | Vaults:5 | Noticed a golden dragon
 68804 | Vaults:5 | Killed a golden dragon
 68835 | Vaults:5 | Identified the ring of Nytozed {AC+4 Dex+4}
 68844 | Vaults:5 | Reached skill level 27 in Fighting
 68844 | Vaults:5 | Reached XP level 23. HP: 207/237 MP: 11/22
 69078 | Vaults:5 | Noticed a dread lich
 69094 | Vaults:5 | Killed a dread lich
 70251 | Vaults:5 | Got the Thoughts on the Mortuary Escort
 70315 | Vaults:5 | Reached XP level 24. HP: 249/249 MP: 13/22
 70769 | Vaults:5 | Noticed a dread lich
 70781 | Vaults:5 | Killed a dread lich
 70808 | Vaults:5 | Got the Tractate on the Volley
 70952 | Vaults:5 | Noticed an ancient lich
 70974 | Vaults:5 | Killed an ancient lich
 71286 | Vaults:5 | Got a silver rune of Zot
 71519 | Vaults:5 | Got the Handbook of the Discharge
 71827 | Depths:2 | Paralysed by a floating eye for 2 turns
 71971 | Zig:1    | Entered Level 1 of a ziggurat
 71985 | Zig:2    | Entered Level 2 of a ziggurat
 72019 | Zig:3    | Entered Level 3 of a ziggurat
 72019 | Zig:3    | Noticed Zewuest the pandemonium lord
 72038 | Zig:3    | Killed Zewuest the pandemonium lord
 72315 | Zig:4    | Entered Level 4 of a ziggurat
 72459 | Zig:5    | Entered Level 5 of a ziggurat
 72686 | Zig:5    | Identified the +7 ring mail "Togat" {rN+ Str+4}
 72688 | Zig:5    | Reached skill level 5 in Earth Magic
 72688 | Zig:5    | Reached XP level 25. HP: 257/257 MP: 13/22
 72801 | Zig:6    | Entered Level 6 of a ziggurat
 73123 | Zig:6    | Got Cerebov's Papyrus of Energy
 73293 | Zig:7    | Entered Level 7 of a ziggurat
 73297 | Zig:7    | Found the +6 arbalest "Damnation" {damnation}
 73298 | Zig:7    | Noticed Xoeqene the pandemonium lord
 73318 | Zig:7    | Killed Xoeqene the pandemonium lord
 73692 | Zig:8    | Entered Level 8 of a ziggurat
 74226 | Depths:2 | Found Murug's Jewellery Shoppe.
 74227 | Depths:2 | Found Ybra Mih's Book Shop.
 74229 | Depths:2 | Found Guopsym's Jewellery Shoppe.
 74623 | Shoals:3 | Bought the +6 war axe of Profit {heavy, +Blink Int+2
                  | Stlth+} for 1088 gold pieces
 75066 | Zot:1    | Entered Level 1 of the Realm of Zot
 76521 | Zot:1    | Reached skill level 1 in Transmutations
 76527 | Zot:1    | Reached XP level 26. HP: 214/260 MP: 11/22
 80899 | Zot:1    | Reached skill level 5 in Transmutations
 81434 | Zot:2    | Identified the +1 great mace of Checks and Balances
                  | {freeze, rPois rCorr Dex-2}
 84345 | Zot:3    | You fall into a shaft and drop 1 floor!
 87479 | Zot:4    | Reached skill level 10 in Transmutations
 87665 | Zot:4    | Reached skill level 1 in Spellcasting
 88007 | Zot:5    | Entered Level 5 of the Realm of Zot
 89176 | Zot:5    | Reached skill level 5 in Spellcasting
 90263 | Zot:5    | Noticed an orb of fire
 90276 | Zot:5    | Gained mutation: You sometimes lose your temper in combat.
                  | [an orb of fire]
 90288 | Zot:5    | Killed an orb of fire
 90300 | Zot:5    | Noticed an ancient lich
 90301 | Zot:5    | Reached XP level 27. HP: 201/273 MP: 6/31
 90311 | Zot:5    | Killed an ancient lich
 90373 | Zot:5    | Noticed an ancient lich
 90506 | Zot:5    | Killed an ancient lich
 90607 | Zot:5    | Noticed an ancient lich
 90627 | Zot:5    | Killed an ancient lich
 90748 | Depths:4 | Lost mutation: Your body sometimes deteriorates upon taking
                  | damage. [potion of mutation]
 90748 | Depths:4 | Lost mutation: You have a pair of large horns on your head.
                  | [potion of mutation]
 90748 | Depths:4 | Lost mutation: You sometimes lose your temper in combat.
                  | [potion of mutation]
 90748 | Depths:4 | Gained mutation: You have a somewhat thin skeletal
                  | structure. (Dex +2, Stealth+) [potion of mutation]
 90748 | Depths:4 | Gained mutation: You are clumsy. (Dex -2) [potion of
                  | mutation]
 91332 | Crypt:1  | Entered Level 1 of the Crypt
 91852 | Crypt:1  | Found a huge runed translucent gate.
 92028 | Crypt:1  | Found a huge runed translucent gate.
 92029 | Crypt:1  | Found a huge runed translucent gate.
 92029 | Crypt:1  | Found a huge runed translucent gate.
 92029 | Crypt:1  | Found a huge runed translucent gate.
 92030 | Crypt:1  | Found a huge runed translucent gate.
 92030 | Crypt:1  | Found a huge runed translucent gate.
 92031 | Crypt:1  | Found the +8 whip "Snakebite" {venom, curare, rPois}
 92033 | Crypt:1  | Found a huge runed translucent gate.
 92033 | Crypt:1  | Found a huge runed translucent gate.
 92513 | Crypt:2  | Noticed Jory
 92539 | Crypt:2  | Killed Jory
 92959 | Crypt:2  | Reached skill level 15 in Throwing
 94732 | Crypt:3  | Entered Level 3 of the Crypt
 95028 | Crypt:3  | Learned a level 1 spell: Apportation
 95964 | Crypt:3  | Found the +4 robe of Folly {Brill Will-∞ Int+8}
 96257 | Crypt:3  | Found the +5 scythe "Finisher" {speed, eviscerate}
 96541 | Crypt:3  | Found a staircase to the Tomb.
 96807 | Crypt:3  | Identified the ring "Waoxel" {rCorr AC+4}
 98595 | Elf:1    | Bought 5 silver javelins for 585 gold pieces
 99136 | Zot:5    | Noticed an ancient lich
 99144 | Zot:5    | Killed an ancient lich
 99385 | Zot:5    | Noticed an orb of fire
 99430 | Zot:5    | Killed an orb of fire
 99695 | Zot:5    | Noticed a dread lich
 99845 | Zot:5    | Killed a dread lich
100481 | Zot:5    | Noticed an orb of fire
100570 | Zot:5    | Killed an orb of fire
101567 | Zot:5    | Got the Orb of Zot
101771 | Depths:3 | Noticed Pecaz the pandemonium lord
102024 | Depths:2 | Noticed Neunoynt the pandemonium lord
102044 | Depths:2 | Gained mutation: You passively dampen the noise of your
                  | surroundings. [a shining eye]
102046 | Depths:2 | Killed Neunoynt the pandemonium lord
102122 | D:15     | Gained mutation: Your flesh is heat resistant. (rF+) [a
                  | neqoxec]
102124 | D:15     | Gained mutation: You occasionally shout uncontrollably at
                  | your foes. [a neqoxec]
102651 | D:$      | Escaped with the Orb!

Illustrated notes

Levels and vault maps discovered:
D:1:      sevenhm_arrival_forest_fort_small_3, layout_basic,
          chequers_serial_rivers_room_b
D:2:      layout_loops_ring, nicolae_ecumenical_snake_handling,
          uniq_crazy_yiuf_cottage
D:3:      layout_loops_ring, serial_glass, glass_columns_a, glass_columns_a,
          glass_columns_a, glass_columns_a, glass_columns_a, glass_columns_c,
          due_unseen_surprise, minmay_misc_feat_rows, uniq_sigmund, uniq_robin
D:4:      layout_rooms, evilmike_ruin_ashenzari, serial_shops,
          nicolae_diamond_shop, enter_ossuary_1
D:5:      layout_loops_ring, slow_altar_1, minmay_temple_entry_overgrown,
          uniq_edmund, uniq_duvessa, uniq_ijyb, uniq_grinder
D:6:      layout_rooms, led_xom_imps
D:7:      minmay_s_stair_smasher, layout_loops_ring, nicolae_shop_vocational
D:8:      layout_loops_corners, lemuel_coloured_pillars_altar, uniq_maggie,
          uniq_pikel
D:9:      layout_basic, nicolae_overflow_two_pavilions, vehumet_statue,
          enter_bailey_1, uniq_joseph
D:10:     layout_loops_cross, david_lair_generic, hiddenorc1_lemuel
D:11:     layout_cave_pools, serial_shops,
          nicolae_shop_temple_entry_statues_fountains,
          nicolae_qazlal_scattered_showers
D:12:     layout_roguey, biasface_ghost_orc_armoury,
          portal_ice_cave_entry_pillars_2, serial_shops,
          nicolae_shop_overgrown_old_shop
D:13:     layout_small_grid
D:14:     layout_stronghold, grunt_vaults_entry_fortified,
          minmay_strange_pillars, serial_shops, nicolae_shop_crystal
D:15:     grunt_enter_depths_giant_problem, layout_long_grid, serial_glass,
          glass_columns_a, glass_columns_b, gauntlet_entry_generic, st_stairs_5,
          lightli_fourway_metalbox
Lair:1:   layout_concentric_octagons, grunt_forest_large_clearings, uniq_fannar,
          uniq_nergalle
Lair:2:   layout_layer_cave
Lair:3:   layout_regular_city, shoals_dummy_entry,
          nicolae_spider_entry_non_spiders, gammafunk_lair_bear_cave,
          uniq_gastronok
Lair:4:   layout_regular_city, minmay_slime_entry_pillars
Lair:5:   hellmonk_lair_end_abyssal_woods, layout_layer_cave,
          chequers_serial_rivers_room_b, infiniplex_staircase_pool,
          lemuel_fruit_tree
Shoals:1: gammafunk_sealed_arena, layout_shoals,
          nicolae_shoals_siren_and_animal_friends, uniq_mlioglotl
Shoals:2: dreamdust_from_the_deep, layout_shoals, nicolae_shoals_goliath_grotto
Shoals:3: layout_shoals, serial_shops, shop, nicolae_shop_crystal
Shoals:4: shoals_end_hellmonk_lost_city, uniq_polyphemus
Spider:1: nicolae_spider_obnoxious_hallway
Spider:2: layout_spider_delve
Spider:3: nicolae_spider_mines_2
Spider:4: hellmonk_spider_rune_endless_swarm, nicolae_spider_rock_and_or_roll,
          uniq_kirke, uniq_aizul
Orc:1:    layout_caves, basic_altar, elves_outpost_lemuel
Orc:2:    st_orc_elflike, layout_diamond_mine, basic_altar, minmay_orc_temple_a,
          uniq_josephine
Elf:1:    layout_geoelf_octagon, portal_desolation_entry_garden,
          infiniplex_enter_wizlab_spiral, minmay_elf_sorcery,
          einodemon_crawler_minivault, minmay_shoptagon
Elf:2:    elven_hall_of_blades_hangedman_original
          [nicolae_blade_entry_sentries_behind_glass], layout_geoelf_grid,
          hellmonk_ghost_happy_afterlife
Elf:3:    grunt_elf_hall_asides, layout_geoelf_octagon
Vaults:1: nicolae_vaults_windows_and_doors_thing, hangedman_vaults_impose,
          vaults_mumra_minichess, v_misc_26,
          vaults_room_grunt_arrival_checkpoint,
          vaults_standard_mumra_enter_the_diamond, layout_vaults_omnigrid
Vaults:2: vaults_room_ringed_pool, v_misc_24, hangedman_vaults_restitches,
          v_alt_pattern_6, nicolae_vaults_know_your_exits,
          hangedman_vaults_river_flow, nicolae_vaults_little_ls, v_misc_18,
          layout_vaults_chaotic_city, serial_glass, serial_shops, shop,
          nicolae_shop_crystal
Vaults:3: vaults_room_hallway, ontoclasm_vaults_gallery,
          ontoclasm_vaults_ring_small, minmay_crypt_entry_simple_plaza,
          grunt_vaults_swirl, hangedman_vaults_slither, v_misc_15,
          nicolae_vaults_network_s, nicolae_vaults_little_squares_1,
          layout_vaults_big_cross, uniq_margery
Vaults:4: v_alt_pattern_6, v_misc_31, nicolae_vaults_angled_halls, v_rooms_6,
          ontoclasm_vaults_loading_screen, v_misc_19,
          nicolae_vaults_twisting_passages, ontoclasm_vaults_bender,
          ontoclasm_vaults_gateway, nicolae_vaults_hallways_thing,
          layout_vaults_ring, serial_shops, shop, uniq_boris
Vaults:5
Crypt:1:  cheibrodos_crypt_3hun_7po, layout_chaotic_city,
          grunt_crypt_arrival_webbed
Crypt:2:  layout_gridlike, grunt_megastairs_3, uniq_jory
Crypt:3:  due_elkab, layout_chaotic_city, tomb_entry_forgotten_bobbens,
          minmay_misc_feat_hallway, serial_sigils_hangedman_leer,
          nicolae_crypt_ancient_font
Depths:1: layout_cave_pools, hex_medium, pf_vacation_house_of_asmodeus,
          grunt_ministairs_15, minmay_misc_feat_room, fedhas_altar_4
Depths:2: minmay_isolated_rectangles_in_corner, layout_cave_shapes,
          enter_ziggurat_c, lightli_too_deep, serial_rivers,
          chequers_serial_rivers_small_a, chequers_serial_rivers_micro_a,
          chequers_serial_rivers_micro_e, chequers_serial_rivers_micro_a,
          rand_demon_pan_entry_5, laboratory, infiniplex_staircase_zigzag_3,
          minmay_shop_grove
Depths:3: dreamdust_merry_men, layout_long_grid, minmay_misc_feat_diagonals,
          abyss_entry_flame_altar, hell_entry
Depths:4: grunt_zot_entry_alcove, layout_gridlike, hell_entry,
          abyss_entry_small_statue_room, grunt_megastairs_1
Zot:1:    layout_onion, grunt_megastairs_5
Zot:2:    layout_concentric_octagons, lemuel_baited_zot_trap,
          grunt_ministairs_14
Zot:3:    layout_basic
Zot:4:    layout_gridlike, st_single_dragon_hoard_1
Zot:5:    layout_concentric_octagons, st_stairs_13, nicolae_zot_crop_circle

Skill      XL: |  1  2  3  4  5  6  7  8  9 10 11 12 13 14 15 16 17 18 19 20 21 22 23 24 25 26 27 |
---------------+----------------------------------------------------------------------------------+-----
Axes           | 3 4 5 6 8 9 11 14 15 16 | 16.1
Fighting       | 8 9 11 14 16 19 20 23 27 | 27.0
Maces & Flails | 9 13 | 13.4
Armour         | 8 15 16 18 19 22 23 | 23.1
Evocations     | 7 10 15 19 | 19.7
Shields        | 4 14 15 20 24 | 24.1
Throwing       | 9 11 12 16 | 16.0
Dodging        | 13 14 | 14.0
Earth Magic    | 3 5 7 |  7.5
Transmutations | 1 10 | 10.0
Spellcasting   | 6 7 |  7.0

Action                     |  1- 3 |  4- 6 |  7- 9 | 10-12 | 13-15 | 16-18 | 19-21 | 22-24 | 25-27 || total
---------------------------+-------+-------+-------+-------+-------+-------+-------+-------+-------++-------
  Melee: War axe           |    73 |   184 |   103 |   156 |   421 |       |       |       |       ||   937
         Headbutt          |     6 |    27 |    28 |   101 |   186 |   309 |   386 |   270 |   567 ||  1880
         Morningstar       |       |       |    90 |   339 |    11 |       |       |       |       ||   440
         Broad axe         |       |       |       |       |   440 |  1083 |  1285 |   790 |  1412 ||  5010
         Demon whip        |       |       |       |       |       |       |       |       |   156 ||   156
  Throw: Dart              |       |       |    22 |    33 |   106 |    16 |    32 |       |    12 ||   221
         Boomerang         |       |       |       |       |   172 |     1 |       |       |   151 ||   324
         Javelin           |       |       |       |       |    20 |    39 |       |       |   239 ||   298
         Throwing net      |       |       |       |       |       |     3 |       |     1 |     1 ||     5
   Cast: Passwall          |       |       |       |       |       |       |       |       |     5 ||     5
 Invoke: Serpent's Lash    |       |       |       |     1 |       |       |       |       |     1 ||     2
         Heavenly Storm    |       |       |       |       |     2 |     1 |     1 |     1 |       ||     5
Ability: Lunge             |     4 |    18 |    21 |    29 |    42 |    61 |    77 |    58 |    64 ||   374
         Whirlwind         |       |     6 |       |    29 |    38 |    68 |    72 |    34 |    88 ||   335
         Evoke Blink       |       |       |       |       |       |       |       |       |     8 ||     8
  Evoke: Wand              |       |       |       |       |    23 |    95 |    13 |     6 |    27 ||   164
         Box of beasts     |       |       |       |       |     4 |     8 |     7 |     4 |     5 ||    28
         Tin of tremorston |       |       |       |       |     2 |    13 |    11 |     7 |    17 ||    50
         Phantom mirror    |       |       |       |       |     2 |     9 |     5 |     4 |    10 ||    30
         Condenser vane    |       |       |       |       |       |       |     3 |     7 |    11 ||    21
         Lightning rod     |       |       |       |       |       |       |       |    11 |    15 ||    26
         Phial of floods   |       |       |       |       |       |       |       |     2 |     8 ||    10
    Use: Potion            |       |     6 |     3 |     4 |    23 |    12 |       |     7 |    14 ||    69
         Scroll            |       |    10 |     6 |     8 |     5 |    18 |     4 |    10 |    23 ||    84
   Stab: Distracted        |       |       |       |     1 |     2 |     3 |     1 |       |     1 ||     8
         Paralysed         |       |       |       |       |     1 |    14 |       |       |    11 ||    26
         Petrified         |       |       |       |       |     1 |       |       |       |       ||     1
         Invisible         |       |       |       |       |       |     5 |       |       |       ||     5
 Armour: Scale mail        |    32 |    70 |    15 |       |       |       |       |       |       ||   117
         Skin              |       |    12 |       |       |       |       |       |       |       ||    12
         Chain mail        |       |       |    70 |   163 |       |       |       |       |       ||   233
         Plate armour      |       |       |       |    74 |   567 |   722 |   231 |       |       ||  1594
         Storm dragon scal |       |       |       |       |       |       |   198 |    95 |       ||   293
         Gold dragon scale |       |       |       |       |       |       |       |    58 |   504 ||   562
  Dodge: Dodged            |    36 |    58 |    61 |   147 |   227 |   372 |   375 |   115 |   241 ||  1632
  Block: Buckler           |    18 |    21 |    39 |    74 |   104 |       |       |       |       ||   256
         Kite shield       |       |       |       |       |   218 |   842 |    46 |       |       ||  1106
         Tower shield      |       |       |       |       |       |       |  1057 |   606 |  1537 ||  3200

Table legend: (Time is in decaauts)
 A = Elapsed time spent in this place.
 B = Non-inter-level travel time spent in this place.
 C = Inter-level travel time spent in this place.
 D = Time resting spent in this place.
 E = Time spent auto-exploring this place.
 F = Levels seen in this place.
 G = Mean time per level.
                   A        B        C        D        E       F      G
               +--------+--------+--------+--------+--------+-----+--------+
         Total | 102162 |  86932 |  15230 |  36528 |  31780 |  60 | 1702.7 |
       Dungeon |  24082 |  17962 |   6120 |   5432 |   8973 |  15 | 1605.5 |
          Lair |   9895 |   8345 |   1550 |   2434 |   4598 |   5 | 1979.0 |
        Shoals |   5699 |   4740 |    959 |   1891 |   1444 |   4 | 1424.8 |
   Spider Nest |   6824 |   6568 |    256 |   3087 |   1932 |   4 | 1706.0 |
  Orcish Mines |   3810 |   2471 |   1339 |    701 |   1072 |   2 | 1905.0 |
   Elven Halls |   4754 |   4323 |    431 |   1742 |   1478 |   3 | 1584.7 |
        Vaults |  10748 |   9186 |   1562 |   2630 |   4284 |   5 | 2149.6 |
         Crypt |   5712 |   5603 |    109 |   2077 |   2082 |   3 | 1904.0 |
        Depths |  11952 |   9709 |   2243 |   5376 |   2357 |   4 | 2988.0 |
           Zot |  14197 |  13538 |    659 |   8139 |   3090 |   5 | 2839.4 |
      Ziggurat |   2186 |   2186 |      0 |   1705 |     39 |   8 |  273.2 |
       Ossuary |    557 |    557 |      0 |    198 |    114 |   1 |  557.0 |
      Ice Cave |   1741 |   1741 |      0 |   1113 |    315 |   1 | 1741.0 |
               +--------+--------+--------+--------+--------+-----+--------+

Top non-repeatable levels by time:
   Zot:5: 5016 daAuts
Depths:4: 4448 daAuts
Depths:2: 4032 daAuts
    D:10: 3451 daAuts
   Elf:3: 2779 daAuts
    D:14: 2727 daAuts
  Lair:1: 2707 daAuts
   Orc:2: 2685 daAuts
   Zot:3: 2622 daAuts
   Zot:1: 2604 daAuts
  Lair:5: 2575 daAuts
Vaults:4: 2571 daAuts
 Crypt:2: 2507 daAuts
Vaults:5: 2400 daAuts
     D:9: 2368 daAuts
